 Dungeon Crawl Stone Soup version 0.17.0-9-g801d43b (console) character file.

14 gw the Shooter (level 2, 0/19 HPs)
             Began as a High Elf Hunter on Nov 10, 2015.
             Slain by a jackal (1 damage)
             ... on level 1 of the Dungeon.
             The game lasted 00:00:41 (824 turns).

gw the Shooter (High Elf Hunter)                     Turns: 824, Time: 00:00:41

Health: 0/19       AC:  3    Str: 11    XL:     2   Next: 27%
Magic:  3/3        EV: 12    Int: 14    God:
Gold:   0          SH:  0    Dex: 15    Spells: 0 memorised, 1 level left

rFire  . . .     SeeInvis .     c - +0 short sword
rCold  . . .     Clarity  .     d - +0 leather armour
rNeg   . . .     SustAt   .     (no shield)
rPois  .         Gourm    .     (no helmet)
rElec  .         Spirit   .     (no cloak)
rCorr  .         Warding  .     (no gloves)
rMut   .         Stasis   .     (no boots)
MR     .....                    f - amulet of inaccuracy (curse)
Stlth  ++........               (no ring)
                                (no ring)

@: not resistant to hostile enchantments, unstealthy
A: no striking features
a: no special abilities


You were on level 1 of the Dungeon.
You were not hungry.

You visited 1 branch of the dungeon, and saw 1 of its levels.

Inventory:

Hand Weapons
 a - a +1 shortbow
 c - a +0 short sword (weapon)
Missiles
 b - 42 arrows
Armour
 d - a +0 leather armour (worn)
Jewellery
 f - a cursed amulet of inaccuracy (around neck)
Comestibles
 e - 3 bread rations


   Skills:
 + Level 2.0 Fighting
 * Level 6.0 Bows
 + Level 2.2 Dodging
 - Level 1.1 Stealth


You had one spell level left.
You didn't know any spells.

Dungeon Overview and Level Annotations

Branches:
Dungeon (1/15)

Altars:


Message History

Unknown command.
Unknown command.
ATTACKING (0,1)
You miss the jackal. The jackal barely misses you.
The jackal closely misses you.
Unknown command.
Unknown command.
Unknown command.
Unknown command.
ATTACKING (0,1)
You closely miss the jackal. The jackal bites you.
Unknown command.
Unknown command.
Unknown command.
Unknown command.
ATTACKING (0,1)
You closely miss the jackal.
The jackal bites you but does no damage.
The jackal bites you.
You die...

#.. # ## ##.# ### ## #..
.....#### #.. .#####.# #.....%e#
#. #.# r...##.#
#.#####h######!##.## PPPP##.# #.#
#..(h...h#...##### $$$P##.# #.#
#........(.......# $$$P##.###.#
#..#####.#...##...
$$$P#......#####........##.##.###
PPPP#..###.......######.#.#..## #
###.#..# ##.#.#### #..###.#
#.#..# #.#%# ###.#..## #


You could see a jackal.

Table legend:
 A = Turns spent in this place as a percentage of turns spent in the entire game.
 B = Non-inter-level travel turns spent in this place as a percentage of non-inter-level travel turns spent in the entire game.
 C = Inter-level travel turns spent in this place as a percentage of turns spent in this place.
 D = Turns resting spent in this place as a percentage of non-inter-level travel turns spent in this place.
 E = Turns spent auto-exploring this place as a percentage of non-inter-level travel turns spent in this place.
 F = Non-inter-level travel turns spent in this place divided by the number of levels of this place that you've seen.
                   A       B       C       D       E      F
               +-------+-------+-------+-------+-------+----------------------
         Total | 100.0 | 100.0 |   0.0 |   0.5 |   2.7 | 1094.0
       Dungeon | 100.0 | 100.0 |   0.0 |   0.5 |   2.7 | 1094.0
               +-------+-------+-------+-------+-------+----------------------

Table legend:
 A = Kills in this place as a percentage of kills in entire the game.
 B = Kills by you in this place as a percentage of kills by you in the entire game.
 C = Kills by friends in this place as a percentage of kills by friends in the entire game.
 D = Other kills in this place as a percentage of other kills in the entire game.
 E = Experience gained in this place as a percentage of experience gained in the entire game.
 F = Experience gained in this place divided by the number of levels of this place that you have seen.
                   A       B       C       D       E      F
               +-------+-------+-------+-------+-------+----------------------
         Total | 100.0 | 100.0 |  -nan |  -nan | 100.0 |  20.0
       Dungeon | 100.0 | 100.0 |  -nan |  -nan | 100.0 |  20.0
               +-------+-------+-------+-------+-------+----------------------

Vanquished Creatures
  A giant gecko (D:1)
  A giant cockroach (D:1)
  A goblin (D:1)
  2 hobgoblins (D:1)
  3 jackals (D:1)
  2 giant newts (D:1)
  A kobold (D:1)
  A rat (D:1)
12 creatures vanquished.

Vanquished Creatures (others)
  A fungus (D:1)
1 creature vanquished.

Grand Total: 13 creatures vanquished

Notes
Turn   | Place    | Note
--------------------------------------------------------------
     0 | D:1      | gw the High Elf Hunter began the quest for the Orb.
     0 | D:1      | Reached XP level 1. HP: 14/14 MP: 2/2
   614 | D:1      | Reached XP level 2. HP: 19/19 MP: 3/3
   813 | D:1      | Reached skill level 6 in Bows
   824 | D:1      | Slain by a jackal

Action                   || total
-------------------------++-------
Melee: Short sword       ||    56
 Fire: Shortbow          ||    22

Vault maps used:
D:1:      eino_arrival_cavern_a, minmay_misc_feat_enclosed,
          minmay_gold_behind_fungi
